 Dungeon Crawl Stone Soup version 0.17-a0-1636-g3119f2b (webtiles) character file.

338 patman the Twirler (level 6, -11/35 HPs)
             Began as a Kobold Gladiator on Aug 5, 2015.
             Mangled by an ice beast (14 damage)
             ... on level 5 of the Dungeon.
             The game lasted 00:08:07 (4514 turns).

patman the Twirler (Kobold Gladiator)               Turns: 4514, Time: 00:08:07

Health: -11/35     AC:  6    Str: 14    XL:     6   Next: 86%
Magic:  6/6        EV: 18    Int:  8    God:
Gold:   227        SH:  0    Dex: 24    Spells: 0 memorised, 5 levels left

rFire  . . .     SeeInvis .     a - +1 quarterstaff
rCold  . . .     Clarity  .     k - +0 ring mail (curse)
rNeg   . . .     SustAt   .     (shield restricted)
rPois  .         Gourm    .     c - +0 helmet
rElec  .         Spirit   .     (no cloak)
rCorr  .         Warding  .     (no gloves)
rMut   .         Stasis   .     (no boots)
MR     .....                    (no amulet)
Stlth  +.........               y - +2 ring of intelligence
                                h - +6 ring of dexterity

@: not resistant to hostile enchantments, very unstealthy
A: carnivore 3
a: no special abilities


You were on level 5 of the Dungeon.
You were full.

You visited 1 branch of the dungeon, and saw 5 of its levels.

You collected 227 gold pieces.

Inventory:

Hand weapons
 a - a +1 quarterstaff (weapon)
 t - a +0 short sword of venom
Missiles
 d - 3 throwing nets (quivered)
 C - 17 poisoned needles
Armour
 b - a +0 leather armour
 c - a +0 helmet (worn)
 k - a cursed +0 ring mail (worn)
 m - a +2 scale mail of poison resistance
Jewellery
 h - a +6 ring of dexterity (left hand)
 x - a cursed ring of teleportation {unknown}
 y - a +2 ring of intelligence (right hand)
Scrolls
 f - a scroll of noise
 g - a scroll of immolation
 i - a scroll of amnesia
 j - a scroll of recharging {unknown}
 l - a scroll of enchant armour {unknown}
 n - a scroll of random uselessness {unknown}
 o - 2 scrolls of teleportation
 p - 3 scrolls of remove curse {unknown}
 q - a scroll of enchant weapon
 r - a scroll of fear {unknown}
 u - a scroll of identify {unknown}
 B - a scroll of magic mapping {unknown}
Potions
 s - a potion of heal wounds {unknown}
 v - 2 potions of curing {unknown}
 z - a potion of flight {unknown}
Comestibles
 e - 3 meat rations
 w - a beef jerky
 A - a royal jelly


   Skills:
 - Level 2.1 Fighting
 - Level 5.7 Staves
 - Level 2.6 Throwing
 * Level 5.3 Dodging


You had 5 spell levels left.
You didn't know any spells.

Dungeon Overview and Level Annotations

Branches:
Dungeon (5/15)
 Temple: D:4-7

Altars:
Kikubaaqudgha
Qazlal
Xom
Yredelemnul

Shops:
D:4 :

Annotations:
D:4 Sigmund
D:5 1 runed door


Innate Abilities, Weirdness & Mutations

You are small and have problems with some larger weapons.
You are carnivorous and can eat meat at any time.


Message History

The ice beast misses you.
You hit the ice beast.
The ice beast is heavily wounded.
The ice beast closely misses you.
You hit the ice beast.
The ice beast is severely wounded.
The phantom blinks!
The ice beast hits you.
* * * LOW HITPOINT WARNING * * *
The ice beast freezes you.
* * * LOW HITPOINT WARNING * * *
You hit the ice beast but do no damage.
The ice beast is severely wounded.
The phantom hits you but does no damage.
The ice beast hits you but does no damage.
You barely miss the ice beast.
The ice beast is severely wounded.
The phantom misses you. The ice beast hits you.
* * * LOW HITPOINT WARNING * * *
The ice beast freezes you!
You die...

#.# #.# #.# # #.#
###.##.########.#
#..%............#
...###.###.######
#W# #.# #@# #.#
##Y# #W# .# #..#
#.# ##### ....#
#.####.# # #...#
..#..# #.###..#.#
#._.# ....#
#.##.#.#.#
##...###..#
#.#.##...#
.#####.8..#
#..##..#>###
.........$#
#.#.#%#......#


You could see a phantom and an ice beast.

Vanquished Creatures
  A hound (D:4)
  Terence (D:2)
  A human skeleton (D:5)
  2 orc wizards (D:5)
  2 worker ants
  Robin (D:4)
  A worker ant zombie (D:5)
  3 adders
  3 gnolls (D:2)
  An ooze (D:1)
  4 worms
  6 orcs
  5 bats
  3 giant cockroaches
  11 goblins
  10 hobgoblins
  7 kobolds
  4 giant newts
  A kobold zombie (D:5)
  A quokka (D:4)
  6 rats
  A spectral orc (D:2)
75 creatures vanquished.

Notes
Turn   | Place    | Note
--------------------------------------------------------------
     0 | D:1      | patman the Kobold Gladiator began the quest for the Orb.
     0 | D:1      | Reached XP level 1. HP: 12/12 MP: 1/1
    33 | D:1      | Reached XP level 2. HP: 15/17 MP: 2/2
   362 | D:1      | Reached XP level 3. HP: 16/21 MP: 3/3
   739 | D:2      | Reached skill level 4 in Staves
   745 | D:2      | HP: 1/21 [gnoll/spear (2)]
  1028 | D:2      | Reached XP level 4. HP: 13/26 MP: 4/4
  1189 | D:2      | Noticed Terence
  1201 | D:2      | Killed Terence
  1329 | D:2      | Found a basalt altar of Yredelemnul.
  1580 | D:2      | Found a shimmering altar of Xom.
  1875 | D:2      | Reached XP level 5. HP: 30/30 MP: 5/5
  2338 | D:3      | Noticed a hippogriff
  2547 | D:3      | Reached skill level 5 in Staves
  2694 | D:3      | Found a stormy altar of Qazlal.
  2694 | D:3      | Found an ancient bone altar of Kikubaaqudgha.
  3305 | D:4      | Noticed Robin
  3318 | D:4      | Reached XP level 6. HP: 26/35 MP: 6/6
  3326 | D:4      | Killed Robin
  3535 | D:4      | Noticed Sigmund
  3560 | D:4      | Found Sucweth's Book Boutique.
  3889 | D:4      | Found a stormy altar of Qazlal.
  4018 | D:5      | Entered Level 5 of the Dungeon
  4063 | D:5      | Reached skill level 5 in Dodging
  4070 | D:5      | Found a runed door.
  4070 | D:5      | Noticed a human
  4258 | D:5      | Found a basalt altar of Yredelemnul.
  4267 | D:5      | Noticed an ice beast
  4514 | D:5      | Mangled by an ice beast

Vault maps used:
D:1:      saegor_arrival_simple_a
D:2:      yredelemnul_forgotten_temple_becter, nicolae_overflow_hidden_temple,
          uniq_terence
D:3:      gammafunk_temple_overflow_statue, lightli_corner_chamber
D:4:      serial_shops, shop, first_bread, grunt_qazlal_sundering, uniq_robin,
          uniq_sigmund
D:5:      dk_yredelemnul_ordeal, uniq_edmund

Action                   |  1- 3 |  4- 6 || total
-------------------------+-------+-------++-------
Melee: Quarterstaff      |    70 |   165 ||   235
Throw: Throwing net      |       |     2 ||     2
  Use: Scroll            |       |     5 ||     5
 Stab: Distracted        |       |     1 ||     1
       Held in net/web   |       |     1 ||     1
  Eat: Chunk             |     6 |    10 ||    16
